 Dungeon Crawl Stone Soup version 0.18-a0-1354-gbc5753f (webtiles) character file.

6094 ololoev the Arsonist (level 10, -4/50 HPs)
             Began as a Deep Elf Fire Elementalist on Feb 19, 2016.
             Was a High Priest of Sif Muna.
             Slain by a troll (6 damage)
             ... on level 1 of the Orcish Mines.
             The game lasted 00:40:13 (3729 turns).

ololoev the Arsonist (Deep Elf Fire Elementalist)   Turns: 3729, Time: 00:40:14

Health: -4/50      AC:  8    Str:  6    XL:     10   Next: 58%
Magic:  25/25      EV: 13    Int: 21    God:    Sif Muna [*****.]
Gold:   815        SH:  0    Dex: 15    Spells: 5 memorised, 11 levels left

rFire  . . .     SeeInvis .     s - +7 lajatang of Order {silver, rMut}
rCold  . . .     Gourm    .     a - +0 robe
rNeg   . . .     Faith    .     (shield currently unavailable)
rPois  .         Spirit   .     (no helmet)
rElec  .         Dismiss  .     (no cloak)
rCorr  .         Reflect  .     (no gloves)
rMut   +         Harm     .     n - +0 pair of boots
SustAt .                        v - amulet of magic regeneration
MR     +....                    z - +3 ring of protection
Stlth  ++........               k - ring of wizardry

@: somewhat resistant to hostile enchantments, unstealthy
A: slimy green scales 1, dopey 1, sense surroundings 1
a: Channel Energy, Forget Spell, Renounce Religion


Innate Abilities, Weirdness & Mutations

You are partially covered in slimy green scales (AC +2).
You are dopey. (Int -2)
You passively map a small area around you.

Inventory:

Hand Weapons
 s - the +7 lajatang of Order (weapon) {silver, rMut}
   (You found it on level 5 of the Dungeon)

   It protects you from mutation.
Armour
 a - a +0 robe (worn)
 n - a +0 pair of boots (worn)
Jewellery
 k - a ring of wizardry (left hand)
 v - an amulet of magic regeneration (around neck)
 z - a +3 ring of protection (right hand)
Wands
 w - a wand of random effects (24/48)
 y - a wand of iceblast (6/15)
 A - a wand of paralysis (6/24)
Scrolls
 d - 3 scrolls of teleportation {unknown}
 e - 4 scrolls of enchant weapon
 f - a scroll of recharging {unknown}
 i - a scroll of immolation
 j - 4 scrolls of remove curse
 m - 2 scrolls of magic mapping
 o - a scroll of blinking {unknown}
 q - 3 scrolls of enchant armour {unknown}
 B - 2 scrolls of random uselessness {unknown}
Potions
 g - a potion of heal wounds
 l - 2 potions of curing
 t - a potion of lignification
 u - a potion of flight
 C - a potion of might
 D - a potion of resistance {unknown}
Books
 b - a book of Flames

   Spells                             Type                      Level
   a - Flame Tongue                   Conjuration/Fire             1
   b - Throw Flame                    Conjuration/Fire             2
   c - Conjure Flame                  Conjuration/Fire             3
   d - Inner Flame                    Hexes/Fire                   3
   e - Sticky Flame                   Conjuration/Fire             4
   f - Fireball                       Conjuration/Fire             5
Comestibles
 c - 6 bread rations
 h - 5 chunks of flesh
 p - 3 fruits
 x - a beef jerky


   Skills:
 - Level 2.4 Dodging
 - Level 2.4 Stealth
 + Level 9.3 Spellcasting
 * Level 10.4 Conjurations
 * Level 10.5 Fire Magic
 + Level 6.5 Invocations


You had 11 spell levels left.
You knew the following spells:

 Your Spells              Type           Power        Failure   Level  Hunger
a - Flame Tongue          Conj/Fire      #####        1%          1    None
b - Conjure Flame         Conj/Fire      ######..     1%          3    None
c - Sticky Flame          Conj/Fire      ######..     1%          4    ##.....
d - Fireball              Conj/Fire      ######....   1%          5    #####..
e - Inner Flame           Hex/Fire       ####....     1%          3    None


You were on level 1 of the Orcish Mines.
You worshipped Sif Muna.
Sif Muna was extremely pleased with you.
You were very hungry.

You visited 2 branches of the dungeon, and saw 12 of its levels.

You collected 947 gold pieces.
You spent 132 gold pieces at shops.

...................##.##......#
..................#....#.....##
........_..#..#.............##
.....[.......................####
.........................)...##÷#
.............................)[))
.......#.....................#).(
............................##.).
................@##...#.........#
.....#.....>.....T##...#.......##
......#........................##
.........#......................#
................................#
....>.......................##.##
...............#....#.......####
...................##....#.##
......)................#####

Notes
Turn   | Place    | Note
--------------------------------------------------------------
     0 | D:1      | ololoev the Deep Elf Fire Elementalist began the quest for the Orb.
     0 | D:1      | Reached XP level 1. HP: 10/10 MP: 6/6
     0 | D:1      | jacquesderrida: ayyyy
     0 | D:1      | ololoev: минутка бугурта - тот спригган, если бы не был спригганом, носил бы +1 рингмейл с 5 слеинга
    64 | D:1      | jacquesderrida: деееееенг
    88 | D:2      | ololoev: а еще я вчера познал что моя идея сделать спидран демонспауном оки с паверед бай дес так себе
    88 | D:2      | ololoev: чисто регена не хватает, нужен хлеб
    88 | D:2      | jacquesderrida: пачему.....
    88 | D:2      | jacquesderrida: я простым деманом спедранел...
    88 | D:2      | ololoev: а с хлебом проще хилл орка взять какого-нибудь
    88 | D:2      | jacquesderrida: с заклинанием регенерации
    88 | D:2      | jacquesderrida: правда выиграл на 67000 ходу ;-)
   150 | D:2      | jacquesderrida: зач, тогда просто трогерда выбери...
   167 | D:2      | Reached XP level 2. HP: 9/15 MP: 0/8
   168 | D:2      | jacquesderrida: трагренда
   174 | D:2      | ololoev: да ока лучше, у него боевые баффы быстро перебивают троговские
   174 | D:2      | ololoev: или хлеб с его саммонами
   248 | D:2      | Reached skill level 4 in Spellcasting
   276 | D:2      | Gained mutation: You passively map a small area around you. [potion of mutation]
   276 | D:2      | Gained mutation: You are partially covered in slimy green scales (AC +2). [potion of mutation]
   276 | D:2      | Gained mutation: You are dopey. (Int -2) [potion of mutation]
   277 | D:2      | Reached XP level 3. HP: 19/19 MP: 0/10
   278 | D:2      | ololoev: черт
   278 | D:2      | ololoev: нафига я силу качнул?
   280 | D:2      | jacquesderrida: с трогендом можно убить слизня сразу после логова...
   595 | D:3      | jacquesderrida: Нужно до конца дня перевести faq по оформлению тревел иншуренса и шенген визы (((
   595 | D:3      | jacquesderrida: Из семисот слов
   595 | D:3      | jacquesderrida: ЛЕНЬ НИ ХАЧУ
   595 | D:3      | jacquesderrida: Как оформить страховку? Вы указываете страну и даты поездки, количество путешественников, выбираете необходимый вам тариф. Оплачиваете страховой полис на нашем сайте. После оплаты вы получаете страховку по электронной почте. Просто распечатайте полис и отправляйтесь в поездку.
   595 | D:3      | jacquesderrida: Какой примордиальный кочмарус, блядь!
   595 | D:3      | jacquesderrida: Ниииит, спасите!
   676 | D:3      | Learned a level 3 spell: Conjure Flame
   680 | D:3      | Learned a level 3 spell: Inner Flame
   799 | D:3      | Reached XP level 4. HP: 24/24 MP: 0/12
   805 | D:3      | Learned a level 4 spell: Sticky Flame
   855 | D:4      | Noticed an ogre
   902 | D:3      | Noticed an ogre
   909 | D:3      | Killed an ogre
   909 | D:3      | Reached XP level 5. HP: 28/28 MP: 1/14
   911 | D:3      | jacquesderrida: АНТРОПОФАГИСТ
   987 | D:3      | ololoev: антропофигист
  1055 | D:4      | jacquesderrida: not bed
  1100 | D:4      | Reached skill level 5 in Spellcasting
  1156 | D:4      | Found an oddly glowing altar of Pakellas.
  1157 | D:4      | Found a deep blue altar of Sif Muna.
  1157 | D:4      | Found a shattered altar of Ashenzari.
  1157 | D:4      | Found a glowing golden altar of the Shining One.
  1158 | D:4      | ololoev: смотри фича
  1158 | D:4      | ololoev: начинаешь бэком и расой у которой доджа больше
  1158 | D:4      | ololoev: заканчиваешь с высшим скиллом в некромантии
  1158 | D:4      | ololoev: вначале титул ducker
  1158 | D:4      | ololoev: в конце - lord of duckness
  1158 | D:4      | ololoev: уткер прокачался!!
  1161 | D:4      | Became a worshipper of Sif Muna the Loreminder
  1165 | D:4      | jacquesderrida: Duke of duckness
  1175 | D:4      | Found a sparkling altar of Nemelex Xobeh.
  1175 | D:4      | Found a glowing silver altar of Zin.
  1208 | D:4      | Reached skill level 1 in Invocations
  1208 | D:4      | Reached XP level 6. HP: 32/32 MP: 8/15
  1234 | D:5      | Entered Level 5 of the Dungeon
  1241 | D:5      | ololoev: ой лол!
  1241 | D:5      | jacquesderrida: deeeeeeeeeeeng
  1253 | D:5      | jacquesderrida: New Order
  1277 | D:5      | jacquesderrida: лажотангер ов блю мондей
  1281 | D:5      | ololoev: стейвесы что-ли качнуть ради него
  1281 | D:5      | jacquesderrida: НИ
  1281 | D:5      | ololoev: не, попозже
  1281 | D:5      | ololoev: с сифой надо файерболы кастовать
  1289 | D:5      | jacquesderrida: денг
  1289 | D:5      | jacquesderrida: демеж
  1564 | D:5      | Reached skill level 5 in Conjurations
  1608 | D:6      | Reached skill level 5 in Fire Magic
  1696 | D:6      | Reached XP level 7. HP: 32/36 MP: 11/17
  1710 | D:6      | Found a shadowy altar of Dithmenos.
  1721 | D:7      | Found a stormy altar of Qazlal.
  1756 | D:8      | Noticed a hippogriff
  1761 | D:8      | Killed a hippogriff
  1761 | D:8      | Reached * piety under Sif Muna
  1779 | D:8      | ololoev: stab ambient magical filths
  1823 | D:8      | jacquesderrida: Так-с, лалеев, нужно выпить зеленый чиек с медом, лимончесом и сырным багетом
  1823 | D:8      | jacquesderrida: и за роботку (((((
  1823 | D:8      | ololoev: я кстати по твоему примеру заценил чай с имбирем и лимоном
  1823 | D:8      | ololoev: теперь такой пью
  1823 | D:8      | ololoev: кстати ты там уже выздоровел, можно с тобой в одном чате сидеть не заражаясь?
  1840 | D:8      | jacquesderrida: Правильно, все лучше обычного Белого Дракона
  1848 | D:8      | jacquesderrida: Выздоровел...
  1871 | D:8      | ololoev: маладца
  1931 | D:8      | jacquesderrida: У меня, кстати, на фоне ослабленного иммунитета с какого-то хрена еще и гингивит развился, тоже лечился долго...
  1931 | D:8      | jacquesderrida: ж:(
  1931 | D:8      | ololoev: звучит как пингвинит
  1931 | D:8      | jacquesderrida: Зуб мудрости болел так сильно, уж так сильно...
  1931 | D:8      | ololoev: итак, начинается сплинтер целл
  1931 | D:8      | jacquesderrida: Ничаво больнее не испытывал!
  1931 | D:8      | jacquesderrida: ДА
  1932 | D:8      | Found Gewydyoch's Gadget Shoppe.
  1935 | D:8      | ololoev: охохо!
  1935 | D:8      | jacquesderrida: Нашинкованный кентаро...
  1935 | D:8      | ololoev: пожалуй стабну его за это
  1948 | D:8      | ololoev: лол ты посмотри
  1948 | D:8      | jacquesderrida: Кросота
  1948 | D:8      | ololoev: айсбласт за копейки
  1948 | D:8      | jacquesderrida: да
  1948 | D:8      | ololoev: это ж файербол
  1948 | D:8      | jacquesderrida: assblast
  1948 | D:8      | ololoev: чому так дешево?
  1948 | D:8      | Bought a wand of iceblast (8/15) for 132 gold pieces
  1948 | D:8      | ololoev: надо купить шоб было!
  1964 | D:8      | Reached skill level 6 in Conjurations
  2036 | D:9      | jacquesderrida: nois
  2079 | D:8      | ololoev: scroll of noice!
  2084 | D:8      | Noticed a hungry ghost
  2095 | D:8      | jacquesderrida: После крыма багеты какие-то хуевые пошли
  2100 | D:8      | jacquesderrida: Наверное сырок поддельный...
  2103 | D:8      | Killed a hungry ghost
  2103 | D:8      | Reached XP level 8. HP: 26/41 MP: 6/19
  2104 | D:8      | ololoev: сырок?
  2104 | D:8      | jacquesderrida: Дась...
  2104 | D:8      | ololoev: багет это же хлеба кусок
  2109 | D:8      | jacquesderrida: Длинная булка!
  2147 | D:8      | jacquesderrida: Я покупаю сырно-чесночные и сырно-ветчинные
  2147 | D:8      | ololoev: а
  2147 | D:8      | jacquesderrida: Это из тех, которые с сырком!
  2147 | D:8      | jacquesderrida: В них сырные прослойки
  2147 | D:8      | ololoev: я сборные такие штуки не жру обычно
  2147 | D:8      | ololoev: а стандартный сыр что брал вроде не изменился
  2147 | D:8      | ololoev: орехи гады подорожали
  2147 | D:8      | jacquesderrida: Что за сыр
  2157 | D:8      | jacquesderrida: Я уже года два ни маасдама, ни камамбера не вижу
  2157 | D:8      | ololoev: да, камембер или бри уже нет
  2157 | D:8      | jacquesderrida: Одна только какая-то sketchy поебень
  2157 | D:8      | ololoev: я какой-то российского производства брал, мне норм
  2157 | D:8      | jacquesderrida: Очень подозрительная
  2157 | D:8      | jacquesderrida: РОССИЙСКИЙ
  2157 | D:8      | jacquesderrida: Приходится белорусским давиться
  2157 | D:8      | ololoev: вспомнил, лакомо фирма
  2157 | D:8      | ololoev: я вообще не шибко любитель обычного твердого сыра, потому как-то не обращаю внимания на его вид
  2157 | D:8      | ololoev: вот камембер и бри жаль что пропал, да
  2184 | D:8      | Reached ** piety under Sif Muna
  2272 | D:8      | ololoev: подари мне подари турмалиновыебусы
  2319 | D:7      | Found a staircase to the Ecumenical Temple.
  2364 | D:10     | Entered Level 10 of the Dungeon
  2406 | D:9      | jacquesderrida: деееенг...
  2460 | D:9      | ololoev: черт, на работе сервак запустили
  2460 | D:9      | ololoev: пора дальше работать
  2460 | D:9      | jacquesderrida: ЧТо за сервак...
  2460 | D:9      | ololoev: для которого разрабатываю всякие веб-приложения
  2460 | D:9      | ololoev: он сломался, вот я и пошел позапать
  2460 | D:9      | jacquesderrida: Бранчи данжен крола разрабатываешь...
  2460 | D:9      | jacquesderrida: хангерлесс...
  2460 | D:9      | ololoev: почти
  2460 | D:9      | ololoev: кстати о хангерлесс
  2460 | D:9      | jacquesderrida: Я тоже скоро пойду
  2460 | D:9      | ololoev: у меня там где-то булочка была
  2460 | D:9      | jacquesderrida: Пойду значть разверну на полный экран ворд документы
  2460 | D:9      | jacquesderrida: Еще и кошка вопит и рвет подлокотник диванчеса...
  2460 | D:9      | ololoev: чому кот вопит то?
  2460 | D:9      | ololoev: может с ней поиграть?
  2460 | D:9      | jacquesderrida: Не знаю
  2460 | D:9      | jacquesderrida: Иногда что-то накатывает
  2460 | D:9      | jacquesderrida: НАчинает бегать со страшной скоростью из угла в угол, вопить и драть мебель
  2460 | D:9      | jacquesderrida: Ноет так жалобно...
  2460 | D:9      | jacquesderrida: И по шкафам и полкам прыгает...
  2460 | D:9      | ololoev: потом идет гадить?
  2460 | D:9      | jacquesderrida: Возможно
  2460 | D:9      | ololoev: у меня кот любит побегать перед тем ка пойти гадить
  2460 | D:9      | ololoev: и сразу же после ед
  2460 | D:9      | ololoev: *еды
  2460 | D:9      | jacquesderrida: Главное ее из комнаты не выпускать
  2460 | D:9      | jacquesderrida: Иначе вторая кошка начнет преследовать первую и пытаться ей на спину запрыгнуть...
  2478 | D:9      | Noticed a two-headed ogre
  2486 | D:9      | Killed a two-headed ogre
  2486 | D:9      | Reached skill level 7 in Fire Magic
  2493 | D:9      | Learned a level 5 spell: Fireball
  2756 | D:9      | Found a staircase to the Orcish Mines.
  2764 | Orc:1    | Entered Level 1 of the Orcish Mines
  2764 | Orc:1    | Noticed an orc sorcerer
  2798 | Orc:1    | Noticed an orc sorcerer
  2810 | Orc:1    | Paralysed by an orc sorcerer for 2 turns
  2813 | Orc:1    | Killed an orc sorcerer
  2813 | Orc:1    | Reached *** piety under Sif Muna
  2813 | Orc:1    | Reached skill level 8 in Fire Magic
  2813 | Orc:1    | Reached XP level 9. HP: 36/45 MP: 10/22
  2829 | Orc:1    | Paralysed by an orc sorcerer for 2 turns
  2834 | Orc:1    | Killed an orc sorcerer
  2873 | Orc:1    | Found a roughly hewn altar of Beogh.
  3065 | Orc:1    | Reached **** piety under Sif Muna
  3065 | Orc:1    | Reached skill level 9 in Fire Magic
  3065 | Orc:1    | Reached skill level 5 in Invocations
  3078 | Orc:1    | Noticed an orc knight
  3100 | Orc:1    | Killed an orc knight
  3128 | Orc:1    | Noticed a troll
  3131 | Orc:1    | Killed a troll
  3181 | Orc:1    | Reached ***** piety under Sif Muna
  3181 | Orc:1    | Reached XP level 10. HP: 50/50 MP: 18/24
  3268 | Orc:1    | Noticed an orc knight
  3295 | Orc:1    | Killed an orc knight
  3295 | Orc:1    | Reached skill level 10 in Fire Magic
  3472 | Orc:2    | Entered Level 2 of the Orcish Mines
  3477 | Orc:2    | Reached skill level 10 in Conjurations
  3589 | Orc:2    | Found a staircase to the Elven Halls.
  3594 | Orc:2    | Noticed an orc sorcerer
  3634 | Orc:2    | Killed an orc sorcerer
  3639 | Orc:2    | Noticed an orc knight
  3729 | Orc:1    | HP: 2/50 [troll (12)]
  3729 | Orc:1    | Slain by a troll

Dungeon Overview and Level Annotations

Branches:
Dungeon (10/15)            Temple (0/1) D:7             Orc (2/2) D:9
    Elf (0/3) Orc:2
   Lair: D:8-11

Altars:
Ashenzari
Dithmenos
Nemelex Xobeh
Pakellas
Qazlal
Sif Muna
Zin
The Shining One
Beogh

Shops:
D:8 }


Message History

Aiming: Fireball
Press: ? - help, Shift-Dir - straight line, f/p - troll
Aim: a troll (heavily wounded)
You miscast Fireball.
Sif Muna protects you from the effects of your miscast!
Casting: Fireball
Confirm with . or Enter, or press ? or * to list all spells.
Aiming: Fireball
Press: ? - help, Shift-Dir - straight line, p - troll The fireball explodes!
The fireball engulfs the troll.
The troll is almost dead.
You are feeling very hungry.
The troll bites you! The troll claws you. The troll claws you!
Casting: Fireball
Confirm with . or Enter, or press ? or * to list all spells.
Aiming: Sticky Flame
Press: ? - help, Shift-Dir - straight line, f - troll
Aim: a troll (almost dead)
The sticky flame hits the troll.
You kill the troll!
You see here a troll corpse.
You butcher the troll corpse.
h - 9 chunks of flesh (gained 5)
You now have 815 gold pieces (gained 8).
There is a stone staircase leading up here.
You climb upwards.
A troll comes into view.
The troll shouts!
There is a stone staircase leading down here.
Things that are here:
a robe; a dagger Eat one of 9 chunks of flesh? (ye/n/q/i?)
Okay, then.
Things that are here:
a robe; a dagger Some of the chunks of flesh in your inventory have rotted away.
Read which item? (? for menu, Esc to quit)
Okay, then.
The troll barely misses you. The troll claws you! The troll claws you.
You die...

You could see a troll.

Vanquished Creatures
  2 orc knights (Orc:1)
  3 orc sorcerers
  3 trolls
  2 two-headed ogres
  A hippogriff (D:8)
  A hungry ghost (D:8)
  A warg (Orc:2)
  A black bear (D:9)
  13 orc warriors
  2 ogres
  2 centaurs (D:8)
  A big kobold (D:8)
  A giant frog (D:6)
  A crimson imp (D:6)
  A centaur zombie (D:9)
  A jelly (D:9)
  2 hounds (D:4)
  3 orc priests
  10 orc wizards
  A giant frog skeleton (D:5)
  4 worker ants
  A mummy (D:4)
  A worker ant zombie (D:5)
  4 adders
  3 oozes
  5 giant geckos
  51 orcs
  2 giant cockroaches
  2 goblins
  18 hobgoblins
  6 jackals
  3 quokkas
  4 bats
  2 giant newts
  2 hobgoblin zombies (D:4)
  A jackal zombie (D:8)
  12 kobolds
  A kobold zombie (D:4)
  An orc zombie (D:4)
  3 rats
178 creatures vanquished.

Action                   |  1- 3 |  4- 6 |  7- 9 | 10-12 || total
-------------------------+-------+-------+-------+-------++-------
Melee: Unarmed           |     2 |     9 |       |       ||    11
       Lajatang          |       |    17 |     5 |     2 ||    24
 Cast: Flame Tongue      |    62 |    78 |    67 |     7 ||   214
       Inner Flame       |     1 |       |    10 |     2 ||    13
       Conjure Flame     |       |     5 |    13 |     3 ||    21
       Sticky Flame      |       |     3 |    18 |     3 ||    24
       Fireball          |       |       |    27 |    32 ||    59
Invok: Channel Energy    |       |       |    82 |    45 ||   127
Evoke: Wand              |       |       |     2 |       ||     2
  Use: Potion            |     3 |       |       |     1 ||     4
       Scroll            |       |       |    10 |       ||    10
 Stab: Sleeping          |       |     1 |     1 |       ||     2
  Eat: Chunk             |       |     3 |    16 |    15 ||    34
       Meat ration       |       |       |     2 |       ||     2

Vault maps used:
D:1:      ncdulo_wetmaze, minmay_misc_feat_diagonals
D:4:      bloody_trog, minmay_overflow_temple_hex, serial_shops, shop,
          first_bread, minmay_mini_ossuary
D:5:      serial_glass, glass_columns_c, glass_columns_a, feat_on_display,
          item_on_display_a, feat_on_display, minmay_strange_pillars
D:6:      st_stairs_5, nicolae_dithmenos_shadow_blocks
D:7:      lemuel_crystal_altar, minmay_temple_entry_hall
D:8:      serial_shops, shop
D:9:      orc_0_dummy
D:10:     minmay_distorted_concentric_squares, grunt_lair_entry_orc_guard_hut
Orc:1:    cheibrodos_orc_bank, basic_altar, nicolae_orc_lava_room
Orc:2:    grunt_orc_gardens, grunt_orc_garden, grunt_orc_garden,
          grunt_orc_garden, grunt_orc_garden
